 Dungeon Crawl Stone Soup version 0.29.1-1-gd02db6906a (webtiles) character file.

Game seed: 18271360234907237940

220 RascalDebosk the Conjurer (level 5, -1/38 HPs)
             Began as a Draconian Conjurer on Oct 8, 2022.
             Succumbed to an orc wizard's poison
             ... on level 4 of the Dungeon.
             The game lasted 00:23:54 (3914 turns).

RascalDebosk the Conjurer (Draconian Conjurer)      Turns: 3914, Time: 00:23:54

Health: -1/38      AC:  6    Str:  9    XL:     5   Next: 64%
Magic:  3/9        EV: 12    Int: 20    God:
Gold:   166        SH:  0    Dex: 10    Spells: 4/10 levels left

rFire   . . .      SeeInvis .   p - +1 short sword (venom)
rCold   . . .      Faith    .   (no shield)
rNeg    . . .      Spirit   .   (body armour unavailable)
rPois   .          Reflect  .   (helmet restricted)
rElec   .          Harm     .   (no cloak)
rCorr   .          Rampage  .   c - +0 pair of gloves
Will    .....                   (no boots)
Stlth   +.........              (no amulet)
HPRegen 0.12/turn               (no ring)
MPRegen 0.11/turn               (no ring)

@: confused, lethally poisoned (-1 -> -9)
A: AC +5, unfitting armour, cold-blooded
a: no special abilities


You were on level 4 of the Dungeon.
You visited 1 branch of the dungeon, and saw 4 of its levels.

You collected 166 gold pieces.

Inventory:

Hand Weapons
 p - a +1 short sword of venom (weapon)
 q - a +0 rapier
 s - a +1 dagger of protection
Armour
 c - a +0 pair of gloves (worn)
Wands
 m - a wand of polymorph (8)
 n - a wand of iceblast (7)
Potions
 a - 2 potions of berserk rage {unknown}
 b - 3 potions of heal wounds
 f - 2 potions of degeneration {unknown}
 h - 2 potions of mutation {unknown}
 k - a potion of resistance {unknown}
 l - 2 potions of flight {unknown}
 o - a potion of brilliance {unknown}
 r - a potion of curing


   Skills:
 - Level 1.7 Dodging
 + Level 3.0 Stealth
 + Level 3.0 Spellcasting
 + Level 4.7 Conjurations
 + Level 2.0 Hexes
 + Level 2.2 Translocations


You had 4 spell levels left.
You knew the following spells:

 Your Spells              Type           Power      Damage    Failure   Level
a - Magic Dart            Conj           84%        1d7       1%          1
b - Searing Ray           Conj           42%        2d6       3%          2
c - Dazzling Flash        Conj/Hex       32%        N/A       11%         3

Your spell library contained the following spells:

 Spells                   Type           Power      Damage    Failure   Level
 Poisonous Vapours        Pois/Air       6%         N/A       22%         2
 Fulminant Prism          Conj/Hex       8%         3d7       34%         4
 Iskenderun's Mystic Bla  Conj/Tloc      16%        2d5       34%         4
 Corpse Rot               Necr/Pois/Air  3%         N/A       80%         4
 Summon Ice Beast         Ice/Summ       3%         N/A       80%         4
 Summon Mana Viper        Hex/Summ       7%         N/A       95%         5
 Monstrous Menagerie      Summ           1%         N/A       100%        7


Dungeon Overview and Level Annotations

Branches:
Dungeon (4/15)
 Temple: D:4-7

Altars:

Shops:
D:2 =


Innate Abilities, Weirdness & Mutations

Your plain brown scales are hard. (AC +5)
You cannot fit into any form of body armour.
You are cold-blooded and may be slowed by cold attacks.


Message History

The adder attacks as you move away! The adder barely misses you.
Aiming: Magic Dart (safe; 1% risk of failure)
Press: ? - help, Q - select action, (/) - cycle Shift-Dir - straight line, f - adder
Aim: an adder (100% to hit)
The magic dart hits the adder.
The adder is lightly wounded.
The endoplasm quivers.
The endoplasm hits you.
* * * LOW HITPOINT WARNING * * *
The adder bites you but does no damage.
Aiming: Magic Dart (safe; 1% risk of failure)
Press: ? - help, Q - select action, (/) - cycle Shift-Dir - straight line, f/p - adder
Aim: an adder (lightly wounded, 100% to hit)
The magic dart hits the adder.
The adder is moderately wounded.
The adder misses you. The endoplasm freezes you.
You are frozen.
* * * LOW HITPOINT WARNING * * *
You feel yourself slow down. The adder bites you but does no damage.
The endoplasm hits you but does no damage.
You see here a book of Vapours.
You pick up a book of Vapours and begin reading...
You add the spells Poisonous Vapours and Corpse Rot to your library.
You feel yourself speed up. The adder barely misses you.
The endoplasm freezes you.
You are frozen.
* * * LOW HITPOINT WARNING * * *
You feel yourself slow down. The endoplasm freezes you.
You are frozen.
* * * LOW HITPOINT WARNING * * *
The adder closely misses you.
The endoplasm hits you but does no damage.
The adder bites you but does no damage. The endoplasm closely misses you.
The endoplasm hits you but does no damage.
The endoplasm attacks as you move away! The endoplasm barely misses you.
The adder closely misses you. The adder attacks as you move away!
The adder closely misses you. The endoplasm attacks as you move away!
The endoplasm hits you.
* * * LOW HITPOINT WARNING * * *
You feel yourself speed up. The adder barely misses you.
The endoplasm closely misses you.
An orc wizard comes into view. It is wielding a +6 dagger of venom.
The orc wizard shouts!
Casting: Magic Dart (safe; 1% risk of failure)
Confirm with . or Enter, or press ? or * to list all spells.
Aiming: Searing Ray (safe; 3% risk of failure)
Press: ? - help, Shift-Dir - straight line, f - endoplasm, p - adder
Aim: an endoplasm (98% to hit)
The searing ray hits the adder!
You kill the adder!
The searing ray hits the endoplasm.
The endoplasm is almost dead. (Press . to maintain the ray.)
The endoplasm closely misses you.
Your Spellcasting skill increases to level 3!
The searing ray hits the endoplasm.
You kill the endoplasm!
The endoplasm hits you but does no damage.
The endoplasm freezes you.
You are frozen.
* * * LOW HITPOINT WARNING * * *
You see here an adder corpse.
The endoplasm freezes you.
You are frozen.
* * * LOW HITPOINT WARNING * * *
The endoplasm attacks as you move away!
The endoplasm hits you but does no damage.
Casting: Searing Ray (safe; 3% risk of failure)
Confirm with . or Enter, or press ? or * to list all spells.
Aiming: Searing Ray (safe; 3% risk of failure)
Press: ? - help, Shift-Dir - straight line, f - orc wizard
Aim: an orc wizard, wielding a +6 dagger of venom and wearing a +0 robe (72% to hit)
The searing ray hits the endoplasm.
You kill the endoplasm!
The searing ray hits the orc wizard.
The orc wizard is moderately wounded. (Press . to maintain the ray.)
* * * LOW MAGIC WARNING * * *
The orc wizard points at you and mumbles some strange words.
You resist with some effort.
The searing ray hits the orc wizard!
The orc wizard is severely wounded.
* * * LOW MAGIC WARNING * * *
The orc wizard gestures at you while chanting.
You are confused.
You bump into the rock wall.
An iguana comes into view.
The orc wizard misses you.
You bump into the rock wall.
The orc wizard points at you and mumbles some strange words.
You resist with some effort.
The orc wizard attacks as you move away!
The orc wizard hits you with a +6 dagger of venom.
* * * LOW HITPOINT WARNING * * *
You are lethally poisoned!
You die...

...# ..## .# #'#. #..
..# ... ##'####.# #.#
#.......###. #.# ###
#........... ..#..
....#######.......####
.....
#...................
#.##.
#l.........#+####...
#.##.# #.....o.@..#
.....##......#####.#
#######...... #.# #
'...... ..# # #......
.## # #...... . .
#...... . ###'### .


You could see an iguana (wandering) and an orc wizard.

Vanquished Creatures
  A howler monkey (D:4)
  An orc priest (D:4)
  An orc wizard (D:3)
  4 adders
  A worm (D:3)
  9 orcs
  4 bats (D:1)
  9 endoplasms
  3 giant cockroaches
  11 goblins
  4 hobgoblins
  4 jackals (D:1)
  4 kobolds
  4 quokkas
  9 ball pythons
  2 frilled lizards
  2 rats
73 creatures vanquished.

Notes
Turn   | Place    | Note
-------+----------+-------------------------------------------
     0 | D:1      | RascalDebosk the Draconian Conjurer began the quest for the
                  | Orb.
     0 | D:1      | Reached XP level 1. HP: 14/14 MP: 3/3
   195 | D:1      | Reached XP level 2. HP: 20/20 MP: 0/5
   501 | D:1      | Found a faded altar of an unknown god.
   864 | D:1      | Reached skill level 1 in Translocations
  1072 | D:1      | Learned a level 2 spell: Searing Ray
  1075 | D:1      | Reached XP level 3. HP: 26/26 MP: 3/6
  1523 | D:2      | Reached skill level 1 in Hexes
  1844 | D:2      | Learned a level 3 spell: Dazzling Flash
  1921 | D:2      | Found Zoang's Jewellery Emporium.
  1992 | D:2      | Reached XP level 4. HP: 33/33 MP: 5/7
  3222 | D:4      | Reached XP level 5. HP: 38/38 MP: 2/9
  3624 | D:4      | Noticed a phantom
  3914 | D:4      | HP: 1/38 [orc wizard/+6 dagger of venom (2)]
  3914 | D:4      | Succumbed to an orc wizard's poison

Illustrated notes

Levels and vault maps discovered:
D:1:      roderic_octagonal_star, layout_basic,
          shapermc_ecumenical_altar_totnotflames, minmay_pentomino_t4
D:2:      layout_rooms, serial_shops, shop
D:3:      layout_loops_ring
D:4:      layout_basic

Skill      XL: |  1  2  3  4  5 |
---------------+----------------+-----
Stealth        | 2 3 |  3.0
Translocations | 1 2 |  2.2
Hexes          | 1 2 |  2.0
Spellcasting   | 3 |  3.0
Dodging        | |  1.7
Conjurations   | |  4.7

Action                   |  1- 3 |  4- 6 || total
-------------------------+-------+-------++-------
Melee: Short sword       |    16 |    38 ||    54
       Punch             |     2 |       ||     2
       Tailslap          |     1 |     2 ||     3
       Dagger            |     6 |    11 ||    17
 Cast: Magic Dart        |    77 |    57 ||   134
       Searing Ray       |       |     4 ||     4
       Dazzling Flash    |       |     1 ||     1
  Use: Scroll            |     1 |     5 ||     6
       Potion            |     1 |       ||     1
 Stab: Sleeping          |     1 |     1 ||     2
Armor: Skin              |    27 |    25 ||    52
Dodge: Dodged            |    27 |    42 ||    69
